General information
- name: BNet
- type: Ladder team game (AT/RT)
- host: Battle.net
- saver: damendenie
map: MarketSquare
- players: 8
- length: 31:48
- speed: Fast
- version: 1.24 W3XP
- replay type: Public
» download(236 KB)
Players
team 1 (winner)
damendenie (
pink | 113 APM | 3601 actions | 31:48)
8 Archmage
3 Summon Water Elemental
3 Brilliance Aura
1 Mass Teleport
1 Blizzard
8 Mountain King
3 Storm Bolt
3 Bash
1 Avatar
1 Thunder Clap
7 Paladin
3 Holy Light
3 Divine Shield
1 Resurrection
» actions
| Assign group hotkey | 40 | |
| Basic commands | 10 | |
| Build / train | 112 | |
| ESC pressed | 3 | |
| Enter build submenu | 36 | |
| Enter hero's abilities submenu | 23 | |
| Right click | 1149 | |
| Select / deselect | 1022 | |
| Select group hotkey | 980 | |
| Use ability | 226 | |
3601 total
» units
| Peasant | 17 | |
| Footman | 5 | |
| Gryphon Rider | 8 | |
| Dragonhawk Rider | 6 | |
| Mortar Team | 4 | |
40 total
» upgrades
| Swords | 3 | |
| Lumber Harvesting | 2 | |
| Armor | 3 | |
| Animal War Training | 1 | |
| Storm Hammers | 1 | |
| Masonry | 2 | |
| Cloud | 1 | |
| Barrage | 1 | |
| Flak Cannons | 1 | |
| Fragmentation Shards | 1 | |
16 total
» buildings
| Altar of Kings | 1 | |
| Barracks | 3 | |
| Farm | 13 | |
| Town Hall | 2 | |
| Scout Tower | 3 | |
| Keep | 1 | |
| Lumber Mill | 1 | |
| Arcane Tower | 1 | |
| Blacksmith | 1 | |
| Guard Tower | 2 | |
| Castle | 1 | |
| Arcane Vault | 1 | |
| Gryphon Aviary | 3 | |
| Workshop | 4 | |
37 total
» build order
00:06 Altar of Kings
00:21 Barracks
00:36 Farm
00:53 Farm
02:01 Farm
03:03 Town Hall
04:26 Scout Tower
04:29 Keep
04:33 Lumber Mill
04:41 Scout Tower
04:42 Farm
04:57 Scout Tower
04:59 Arcane Tower
05:15 Farm
05:21 Blacksmith
05:52 Guard Tower
05:52 Guard Tower
06:52 Castle
06:57 Arcane Vault
07:08 Gryphon Aviary
07:11 Gryphon Aviary
07:48 Gryphon Aviary
08:12 Farm
08:13 Farm
08:14 Farm
08:14 Farm
10:27 Farm
10:28 Farm
13:01 Farm
13:02 Farm
13:06 Workshop
13:08 Barracks
18:04 Barracks
18:06 Workshop
18:08 Workshop
18:09 Workshop
20:57 Town Hall
» items
| Boots of Speed | 1 | |
| Scroll of Regeneration | 5 | |
| Lesser Clarity Potion | 4 | |
| Staff of Sanctuary | 1 | |
| Scroll of Healing | 5 | |
| Potion of Lesser Invulnerability | 3 | |
| Scroll of Town Portal | 3 | |
| Scroll of Protection | 1 | |
| Staff of Teleportation | 1 | |
24 total
misesss (
red | 73 APM | 2324 actions | 31:48)
7 Paladin
3 Holy Light
3 Devotion Aura
1 Resurrection
» actions
| Assign group hotkey | 18 | |
| Basic commands | 2 | |
| Build / train | 72 | |
| Enter build submenu | 19 | |
| Enter hero's abilities submenu | 7 | |
| Give item / drop item | 1 | |
| Remove unit from queue | 34 | |
| Right click | 1559 | |
| Select / deselect | 339 | |
| Select group hotkey | 166 | |
| Use ability | 105 | |
2324 total
» units
| Peasant | 10 | |
| Footman | 5 | |
| Gryphon Rider | -2 | |
| Dragonhawk Rider | 7 | |
20 total
» upgrades
» buildings
| Farm | 30 | |
| Altar of Kings | 1 | |
| Barracks | 1 | |
| Keep | 1 | |
| Arcane Vault | 1 | |
| Lumber Mill | 1 | |
| Gryphon Aviary | 2 | |
| Castle | 1 | |
| Scout Tower | 5 | |
| Guard Tower | 1 | |
44 total
» build order
00:08 Farm
00:09 Altar of Kings
00:21 Farm
00:34 Barracks
01:48 Farm
01:50 Farm
01:53 Farm
01:53 Farm
01:53 Farm
01:54 Farm
01:54 Farm
01:55 Farm
01:55 Farm
01:56 Farm
01:56 Farm
01:56 Farm
02:03 Farm
03:17 Farm
04:21 Farm
04:23 Keep
05:21 Arcane Vault
06:55 Lumber Mill
07:11 Farm
08:36 Gryphon Aviary
08:37 Gryphon Aviary
10:01 Farm
11:14 Castle
12:05 Scout Tower
12:06 Scout Tower
12:07 Scout Tower
12:13 Scout Tower
12:17 Scout Tower
14:26 Guard Tower
17:33 Farm
17:34 Farm
20:41 Farm
20:43 Farm
21:58 Farm
22:00 Farm
23:53 Farm
23:54 Farm
23:55 Farm
» items
| Scroll of Healing | 1 | |
| Staff of Teleportation | 1 | |
| Boots of Speed | 1 | |
| Potion of Healing | 1 | |
| Orb of Fire | 1 | |
5 total
TiZiAiLoVeYoU (
orange | 55 APM | 1761 actions | 31:48)
7 Blademaster
3 Critical Strike
3 Wind Walk
1 Bladestorm
» actions
| Assign group hotkey | 1 | |
| Basic commands | 4 | |
| Build / train | 45 | |
| Enter build submenu | 17 | |
| Enter hero's abilities submenu | 7 | |
| Right click | 1196 | |
| Select / deselect | 313 | |
| Use ability | 178 | |
1761 total
» units
| Peon | 9 | |
| Grunt | 3 | |
| Troll Headhunter/Berserker | 1 | |
| Wind Rider | 13 | |
| Kodo Beast | 1 | |
| Raider | 2 | |
29 total
» upgrades
| Melee Weapons | 1 | |
| Ranged Weapons | 2 | |
| Armor | 2 | |
| Envenomed Spears | 1 | |
6 total
» buildings
| Barracks | 2 | |
| Altar of Storms | 1 | |
| Orc Burrow | 7 | |
| War Mill | 1 | |
| Stronghold | 1 | |
| Fortress | 1 | |
| Beastiary | 2 | |
| Great Hall | 1 | |
16 total
» build order
00:08 Barracks
00:16 Altar of Storms
00:42 Orc Burrow
01:25 War Mill
02:29 Orc Burrow
02:48 Orc Burrow
03:42 Orc Burrow
03:46 Barracks
04:55 Stronghold
07:51 Fortress
08:05 Beastiary
08:08 Beastiary
10:26 Great Hall
12:25 Orc Burrow
14:39 Orc Burrow
14:41 Orc Burrow
Hector-of-Troy (
blue | 30 APM | 960 actions | 31:48)
8 Mountain King
3 Storm Bolt
2 Thunder Clap
2 Bash
1 Avatar
» actions
| Build / train | 85 | |
| Enter build submenu | 34 | |
| Enter hero's abilities submenu | 8 | |
| Give item / drop item | 2 | |
| Right click | 440 | |
| Select / deselect | 330 | |
| Use ability | 61 | |
960 total
» units
| Peasant | 11 | |
| Gryphon Rider | 23 | |
| Siege Engine | 4 | |
38 total
» upgrades
| Masonry | 3 | |
| Backpack | 1 | |
| Swords | 3 | |
| Armor | 3 | |
| Lumber Harvesting | 2 | |
| Storm Hammers | 1 | |
| Magic Sentry | 1 | |
| Long Rifles | 1 | |
| Barrage | 1 | |
| Gunpowder | 3 | |
| Plating | 3 | |
22 total
» buildings
| Altar of Kings | 1 | |
| Farm | 10 | |
| Lumber Mill | 4 | |
| Arcane Vault | 1 | |
| Scout Tower | 6 | |
| Blacksmith | 2 | |
| Keep | 1 | |
| Castle | 1 | |
| Gryphon Aviary | 2 | |
| Guard Tower | 2 | |
| Arcane Sanctum | 1 | |
| Workshop | 2 | |
| Barracks | 1 | |
| Town Hall | 2 | |
| Cannon Tower | 4 | |
40 total
» build order
00:09 Altar of Kings
00:16 Farm
01:30 Farm
01:44 Lumber Mill
01:59 Arcane Vault
02:15 Scout Tower
02:30 Blacksmith
03:19 Farm
03:43 Keep
05:23 Farm
07:24 Scout Tower
07:26 Castle
07:34 Gryphon Aviary
08:27 Guard Tower
08:29 Guard Tower
09:20 Gryphon Aviary
09:30 Farm
10:12 Farm
11:32 Farm
12:20 Farm
13:34 Arcane Sanctum
15:20 Workshop
17:28 Lumber Mill
17:31 Barracks
17:38 Town Hall
19:36 Farm
22:49 Farm
23:05 Workshop
24:00 Scout Tower
24:21 Scout Tower
25:17 Blacksmith
25:19 Cannon Tower
25:21 Cannon Tower
25:25 Scout Tower
25:28 Scout Tower
27:26 Cannon Tower
27:28 Cannon Tower
29:09 Lumber Mill
30:47 Town Hall
30:59 Lumber Mill
» items
| Scroll of Regeneration | 2 | |
| Lesser Clarity Potion | 1 | |
| Orb of Fire | 1 | |
| Potion of Healing | 1 | |
| Boots of Speed | 1 | |
| Periapt of Vitality | 1 | |
| Circlet of Nobility | 1 | |
8 total
team 2 (loser)

»
gorinic (
green | 48 APM | 1434 actions | 30:04)
4 Demon Hunter
2 Mana Burn
2 Evasion
4 Priestess of the Moon
2 Trueshot Aura
2 Searing Arrows
» actions
| Assign group hotkey | 32 | |
| Basic commands | 107 | |
| Build / train | 93 | |
| Enter build submenu | 20 | |
| Enter hero's abilities submenu | 8 | |
| Remove unit from queue | 1 | |
| Right click | 535 | |
| Select / deselect | 290 | |
| Select group hotkey | 293 | |
| Use ability | 55 | |
1434 total
» units
| Wisp | 12 | |
| Archer | 10 | |
| Hippogryph | 40 | |
62 total
» upgrades
| Strength of the Moon | 3 | |
| Moon Armor | 3 | |
| Hippogryph Taming | 1 | |
| Improved Bows | 1 | |
| Ultravision | 1 | |
| Marksmanship | 1 | |
| Well Spring | 1 | |
11 total
» buildings
| Altar of Elders | 1 | |
| Moon Well | 10 | |
| Ancient of War | 1 | |
| Ancient of Wonders | 1 | |
| Tree of Ages | 1 | |
| Hunter's Hall | 1 | |
| Ancient of Wind | 2 | |
| Tree of Eternity | 1 | |
18 total
» build order
00:07 Altar of Elders
00:20 Moon Well
00:30 Ancient of War
02:05 Moon Well
03:03 Moon Well
03:42 Ancient of Wonders
03:57 Tree of Ages
04:08 Moon Well
05:12 Moon Well
05:32 Hunter's Hall
06:09 Moon Well
07:03 Ancient of Wind
09:35 Moon Well
10:57 Moon Well
12:12 Moon Well
12:15 Tree of Eternity
13:15 Moon Well
15:05 Ancient of Wind
» items
| Potion of Healing | 4 | |
| Moonstone | 1 | |
| Orb of Fire | 1 | |
| Orb of Venom | 1 | |
7 total
lamaed (
teal | 54 APM | 1636 actions | 30:22)
8 Mountain King
3 Storm Bolt
3 Thunder Clap
1 Avatar
1 Bash
3 Archmage
1 Brilliance Aura
2 Summon Water Elemental
» actions
| Assign group hotkey | 27 | |
| Basic commands | 10 | |
| Build / train | 85 | |
| Enter build submenu | 23 | |
| Enter hero's abilities submenu | 13 | |
| Right click | 795 | |
| Select / deselect | 389 | |
| Select group hotkey | 141 | |
| Use ability | 151 | |
1636 total
» units
| Peasant | 14 | |
| Rifleman | 11 | |
| Dragonhawk Rider | 15 | |
40 total
» upgrades
| Gunpowder | 1 | |
| Armor | 2 | |
| Long Rifles | 1 | |
| Lumber Harvesting | 1 | |
| Cloud | 1 | |
| Swords | 1 | |
7 total
» buildings
| Altar of Kings | 1 | |
| Farm | 12 | |
| Blacksmith | 1 | |
| Barracks | 2 | |
| Lumber Mill | 1 | |
| Arcane Vault | 2 | |
| Scout Tower | 3 | |
| Keep | 1 | |
| Arcane Tower | 3 | |
| Castle | 2 | |
| Gryphon Aviary | 2 | |
| Town Hall | 1 | |
| Guard Tower | 1 | |
32 total
» build order
00:26 Altar of Kings
00:39 Farm
00:57 Blacksmith
01:12 Barracks
01:42 Farm
01:49 Lumber Mill
02:02 Arcane Vault
02:04 Arcane Vault
02:38 Farm
02:48 Farm
03:42 Scout Tower
03:47 Farm
04:13 Keep
04:31 Arcane Tower
04:31 Arcane Tower
05:37 Farm
05:38 Farm
05:44 Farm
05:44 Farm
06:51 Barracks
07:35 Castle
09:18 Gryphon Aviary
09:19 Gryphon Aviary
09:45 Farm
09:51 Farm
09:52 Farm
12:47 Town Hall
13:57 Scout Tower
13:58 Scout Tower
17:32 Guard Tower
17:33 Arcane Tower
» items
| Scroll of Regeneration | 2 | |
| Lesser Clarity Potion | 2 | |
| Scroll of Town Portal | 4 | |
| Orb of Fire | 1 | |
| Potion of Healing | 2 | |
| Potion of Mana | 3 | |
14 total

»
liszka22 (
purple | 40 APM | 1193 actions | 29:59)
3 Archmage
2 Summon Water Elemental
1 Blizzard
4 Paladin
1 Holy Light
1 Divine Shield
2 Devotion Aura
» actions
| Build / train | 83 | |
| Enter build submenu | 33 | |
| Enter hero's abilities submenu | 7 | |
| Remove unit from queue | 4 | |
| Right click | 581 | |
| Select / deselect | 431 | |
| Use ability | 54 | |
1193 total
» units
| Peasant | 20 | |
| Footman | 2 | |
| Rifleman | 7 | |
| Priest | 4 | |
| Spell Breaker | 2 | |
| Dragonhawk Rider | 2 | |
| Gryphon Rider | 8 | |
| Siege Engine | 4 | |
49 total
» upgrades
| Swords | 3 | |
| Gunpowder | 2 | |
| Lumber Harvesting | 1 | |
| Armor | 1 | |
| Priest Training | 0 | |
| Long Rifles | 1 | |
| Storm Hammers | 1 | |
| Barrage | 1 | |
10 total
» buildings
| Altar of Kings | 1 | |
| Farm | 13 | |
| Lumber Mill | 1 | |
| Barracks | 1 | |
| Scout Tower | 2 | |
| Blacksmith | 1 | |
| Keep | 1 | |
| Guard Tower | 4 | |
| Arcane Vault | 1 | |
| Gryphon Aviary | 2 | |
| Arcane Sanctum | 1 | |
| Castle | 1 | |
| Town Hall | 3 | |
| Workshop | 2 | |
34 total
» build order
00:06 Altar of Kings
00:08 Farm
00:29 Lumber Mill
00:46 Barracks
02:02 Farm
02:37 Scout Tower
02:57 Blacksmith
03:45 Farm
03:48 Keep
04:12 Farm
04:15 Farm
04:17 Guard Tower
05:16 Farm
05:20 Scout Tower
05:34 Arcane Vault
05:53 Guard Tower
06:15 Farm
06:29 Gryphon Aviary
07:01 Arcane Sanctum
07:08 Gryphon Aviary
08:42 Farm
09:31 Castle
09:45 Farm
11:04 Farm
12:22 Farm
13:15 Farm
13:56 Town Hall
14:06 Farm
19:11 Guard Tower
19:21 Guard Tower
23:26 Workshop
28:09 Town Hall
29:01 Workshop
29:19 Town Hall
» items
| Ivory Tower | 3 | |
| Potion of Healing | 1 | |
| Scroll of Town Portal | 1 | |
5 total

»
Romperprop (
yellow | 41 APM | 1307 actions | 31:47)
6 Archmage
3 Summon Water Elemental
3 Brilliance Aura
5 Paladin
1 Holy Light
1 Divine Shield
3 Devotion Aura
» actions
| Assign group hotkey | 5 | |
| Basic commands | 1 | |
| Build / train | 98 | |
| Enter build submenu | 33 | |
| Enter hero's abilities submenu | 11 | |
| Right click | 693 | |
| Select / deselect | 389 | |
| Select group hotkey | 4 | |
| Use ability | 73 | |
1307 total
» units
| Peasant | 18 | |
| Footman | 3 | |
| Priest | 6 | |
| Knight | 6 | |
| Gryphon Rider | 5 | |
| Spell Breaker | 3 | |
| Siege Engine | 12 | |
| Hippogryph | 2 | |
55 total
» upgrades
| Masonry | 3 | |
| Lumber Harvesting | 2 | |
| Swords | 1 | |
| Magic Sentry | 1 | |
| Priest Training | 2 | |
| Animal War Training | 1 | |
| Control Magic | 1 | |
| Plating | 3 | |
| Storm Hammers | 1 | |
| Barrage | 1 | |
| Gunpowder | 3 | |
| Armor | 1 | |
20 total
» buildings
| Altar of Kings | 1 | |
| Farm | 10 | |
| Barracks | 1 | |
| Lumber Mill | 1 | |
| Scout Tower | 7 | |
| Guard Tower | 6 | |
| Keep | 1 | |
| Arcane Vault | 1 | |
| Arcane Sanctum | 1 | |
| Castle | 1 | |
| Blacksmith | 1 | |
| Gryphon Aviary | 1 | |
| Town Hall | 5 | |
| Workshop | 3 | |
40 total
» build order
00:11 Altar of Kings
00:22 Farm
00:56 Barracks
01:08 Lumber Mill
01:27 Scout Tower
02:02 Farm
02:12 Scout Tower
02:17 Guard Tower
02:46 Guard Tower
03:04 Scout Tower
03:29 Keep
03:35 Farm
03:40 Guard Tower
03:46 Farm
04:23 Arcane Vault
05:52 Arcane Sanctum
06:06 Castle
06:12 Blacksmith
07:38 Gryphon Aviary
08:01 Town Hall
09:34 Farm
10:29 Farm
11:10 Farm
12:09 Workshop
12:58 Scout Tower
13:12 Farm
13:43 Guard Tower
13:52 Scout Tower
13:58 Farm
16:05 Guard Tower
16:10 Workshop
17:07 Town Hall
17:56 Workshop
18:01 Scout Tower
18:54 Guard Tower
19:01 Scout Tower
19:33 Farm
23:22 Town Hall
26:43 Town Hall
29:47 Town Hall
» items
| Scroll of Regeneration | 1 | |
| Scroll of Town Portal | 1 | |
2 total
Chat log
(00:10 / Allies) damendenie: i fe
(00:23 / Allies) TiZiAiLoVeYoU: your dream <.<?
(00:27 / Allies) damendenie: no
(03:00 / Allies) damendenie: item pls
(03:09 / Allies) damendenie: red
(03:09 / Allies) TiZiAiLoVeYoU: your dream too ?
(03:19 / Allies) damendenie: claws
(03:28 / Allies) damendenie: jesus
(03:31 / Allies) damendenie: morron
(04:03 / Allies) damendenie: u gonna heal or what
(04:08 / Allies) TiZiAiLoVeYoU: ;)
(04:24 / Allies) TiZiAiLoVeYoU: wheit
(05:08 / Allies) damendenie: go mid
(05:15 / Allies) misesss: go
(05:37 / Allies) damendenie: red spot
(05:44 / Allies) damendenie: gj blue
(05:45 / Allies) damendenie: not
(05:54 / Allies) TiZiAiLoVeYoU: OMG
(05:55 / Allies) TiZiAiLoVeYoU: blue
(05:57 / Allies) TiZiAiLoVeYoU: fuck u mohter
(06:09 / Allies) Hector-of-Troy: you are lvl 2
(06:15 / Allies) Hector-of-Troy: i need it more than you
(07:42 / Allies) damendenie: use gold
(08:30 / Allies) damendenie: GOo
(08:38 / Allies) TiZiAiLoVeYoU: i come
(08:40 / Allies) damendenie: noobs
(08:56 / Allies) damendenie: give mk
(08:57 / Allies) damendenie: pendant
(09:26 / Allies) damendenie: make units mb
(09:43 / Allies) TiZiAiLoVeYoU: ho
(09:47 / Allies) TiZiAiLoVeYoU: red
(09:48 / Allies) TiZiAiLoVeYoU: come
(10:39 / Allies) TiZiAiLoVeYoU: kk
(10:50 / Allies) damendenie: i creep for myself
(11:05 / Allies) damendenie: dont need ur help
(11:29 / Allies) TiZiAiLoVeYoU: pink
(11:30 / Allies) misesss: go
(11:31 / Allies) TiZiAiLoVeYoU: noooooooooob
(11:33 / Allies) TiZiAiLoVeYoU: come on
(11:39 / Allies) damendenie: its dead already
(11:59 / Allies) TiZiAiLoVeYoU: OMG
(12:05 / Allies) TiZiAiLoVeYoU: pink is a mohterfucker
(12:06 / Allies) TiZiAiLoVeYoU: :(
(13:32 / Allies) damendenie: so we all have air
(13:32 / Allies) damendenie: nice
(14:22 / Allies) damendenie: tp out
(14:32 / Allies) TiZiAiLoVeYoU: i dont habe tp
(14:36 / Allies) damendenie: hm
(15:05 / Allies) damendenie: b
(15:11 / Allies) TiZiAiLoVeYoU: why ?
(15:14 / Allies) damendenie: vs
(15:15 / Allies) damendenie: 4
(15:33 / Allies) damendenie: top all
(16:21 / Allies) TiZiAiLoVeYoU: red
(16:22 / Allies) TiZiAiLoVeYoU: heal us
(16:26 / Allies) TiZiAiLoVeYoU: scroll
(16:29 / Allies) TiZiAiLoVeYoU: of heal
(16:38 / Allies) TiZiAiLoVeYoU: in your inventar
(17:15 / Allies) damendenie: go heal
(17:58 / Allies) TiZiAiLoVeYoU: i go heal
(17:59 / Allies) TiZiAiLoVeYoU: mana
(18:02 / Allies) TiZiAiLoVeYoU: !
(18:23 / Allies) TiZiAiLoVeYoU: okey
(18:26 / Allies) TiZiAiLoVeYoU: GoGoGo
(18:38 / Allies) TiZiAiLoVeYoU: shis
(18:43 / Allies) TiZiAiLoVeYoU: first
(18:58 / Allies) damendenie: go
(19:02 / Allies) TiZiAiLoVeYoU: :D
(19:21 / Allies) damendenie: b
(19:25 / Allies) damendenie: b
(19:53 / Allies) TiZiAiLoVeYoU: pink are a fucking noob
(19:54 / Allies) TiZiAiLoVeYoU: :(
(20:37 / Allies) TiZiAiLoVeYoU: bb
(22:08 / Allies) TiZiAiLoVeYoU: i run in teh base
(22:14 / Allies) TiZiAiLoVeYoU: and kill all whis bladestorm
(22:19 / Allies) damendenie: i tp on u
(22:20 / Allies) damendenie: ok?
(22:22 / Allies) damendenie: with am
(22:24 / Allies) TiZiAiLoVeYoU: okey
(22:29 / Allies) damendenie: hm
(22:31 / Allies) damendenie: ijn back
(22:37 / Allies) TiZiAiLoVeYoU: here
(22:55 / Allies) TiZiAiLoVeYoU: n1
(25:20 / Allies) damendenie: b
(25:21 / Allies) damendenie: b
(26:46 / Allies) damendenie: bm come
(26:48 / Allies) damendenie: i hel u
(27:14 / Allies) TiZiAiLoVeYoU: i kill he
(27:22 / Allies) TiZiAiLoVeYoU: ;)
(27:22 / Allies) misesss: b
(27:34 / Allies) TiZiAiLoVeYoU: healing
(27:53 / Allies) TiZiAiLoVeYoU: thx
(28:00 / Allies) TiZiAiLoVeYoU: gogo kill he !
(29:33 / Allies) TiZiAiLoVeYoU: kill he
(29:42 / Allies) TiZiAiLoVeYoU: red
(29:44 / Allies) TiZiAiLoVeYoU: heal me
(30:23 / Allies) misesss: go
(30:29 / Allies) TiZiAiLoVeYoU: heal first
(30:35 / All) TiZiAiLoVeYoU: WIN!